AoeStats
← Entopiic

Arena

508603826Analyzed
2v2 RM · 10d ago on Sep 23, 2026· 44m 53s· 4 players
Game mode
Random Map
Map size
Medium (4 player)
Population
200
Speed
Normal
Resources
Standard
Victory
Conquest
Starting age
Dark Age
Ending age
Imperial Age
RankedLock teamsTeams togetherTeam positionsShared explorationLock speedFull tech treeHidden civsTurbo modeCheats
Victory
Defeat
🇦🇺 Mongols · Australia
666
+17
🇦🇺 Khmer · Australia
632
+18
🇹🇷 Mongols · Türkiye
695
-18
659
-17
Nikki Pistol | Arg ☆☆☆
15:07 Feudal Age
17:01 Wheelbarrow
16:15 Double-Bit Axe
16:35 Horse Collar
AKANZİ
1:10 Loom
20:49 Feudal Age
22:40 Stone Mining
22:40 Gold Mining
22:32 Horse Collar
22:43 Double-Bit Axe
25:45 Castle Age
25:07 Scale Barding Armor
25:02 Scale Mail Armor
25:13 Forging
25:04 Padded Archer Armor
24:54 Fletching
28:11 Husbandry
28:24 Bloodlines
27:34 Light Cavalry
28:17 Nomads
34:04 Caravan
Bedgie69
0:48 Loom
13:00 Feudal Age
13:51 Double-Bit Axe
14:15 Horse Collar
14:44 Gold Mining
14:45 Stone Mining
15:02 Stone Mining
19:32 Castle Age
21:14 Scale Barding Armor
22:10 Bow Saw
26:10 Coinage
26:38 Stone Shaft Mining
26:07 Scale Mail Armor
26:24 Town Watch
28:37 Wheelbarrow
28:02 Town Patrol
30:08 Chain Barding Armor
30:03 Chain Mail Armor
30:12 Fortified Wall
30:50 Heavy Plow
31:13 Chain Mail Armor
31:08 Forging
32:51 Forging
33:59 Ballistics
33:50 Masonry
33:35 Murder Holes
35:09 Hand Cart
38:45 Imperial Age
39:54 Iron Casting
39:09 Fletching
39:20 Padded Archer Armor
40:39 Caravan
41:09 Banking
41:56 Blast Furnace
41:26 Plate Mail Armor
42:04 Conscription
41:15 Sappers
42:20 Hoardings
42:45 Gold Shaft Mining
42:12 Town Patrol
42:13 Elite Steppe Lancer
43:17 Husbandry
43:28 Bloodlines
43:41 Leather Archer Armor
Entopiic
0:53 Loom
14:17 Feudal Age
14:55 Double-Bit Axe
20:36 Castle Age
19:50 Gold Mining
31:25 Bloodlines
38:05 Imperial Age
36:14 Fortified Wall
44:05 Imperial Age
Connection lost

Rejoining the realm…

Still unreachable

The connection could not be restored.

Session expired

The server has moved on; the page needs a fresh start.